 Dungeon Crawl Stone Soup version 0.28-a0-1412-gf95308ed99 (webtiles) character file.

Game seed: 15611982792841048307

248 HallandMoats the Skirmisher (level 6, -6/52 HPs)
             Began as a Ghoul Fighter on Jan 6, 2022.
             Was a High Priest of Ignis.
             Killed by divine providence
             ... invoked by an orc priest
              (15 damage)
             ... on level 4 of the Dungeon.
             The game lasted 00:04:27 (3659 turns).

HallandMoats the Skirmisher (Ghoul Fighter)         Turns: 3659, Time: 00:04:27

Health: -6/52      AC:  6    Str: 20    XL:     6   Next: 12%
Magic:  6/6        EV:  9    Int:  3    God:    Ignis [*****.]
Gold:   161        SH:  4    Dex: 10    Spells: 5/5 levels left

rFire   + . .      SeeInvis .   b - +5 club
rCold   + . .      Faith    .   q - +0 buckler
rNeg    + + +      Spirit   .   o - +0 scale mail
rPois   ∞          Reflect  .   (no helmet)
rElec   .          Harm     .   (no cloak)
rCorr   .          Rampage  .   (no gloves)
Will    .....                   (no boots)
Stlth   ..........              (no amulet)
HPRegen 0.00/turn               (no ring)
MPRegen 0.10/turn               (no ring)

@: inhibited regen
A: claws 1, cold resistance 1, negative energy resistance 3, inhibited
regeneration, torment resistance 2
a: Renounce Religion, Fiery Armour, Foxfire Swarm, Rising Flame


You were on level 4 of the Dungeon.
You worshipped Ignis.
Ignis was extremely pleased with you.
You visited 1 branch of the dungeon, and saw 4 of its levels.

You collected 161 gold pieces.

Inventory:

Hand Weapons
 a - a +0 hunting sling
 b - a +5 club (weapon)
Missiles
 u - 8 sling bullets
Armour
 o - a +0 scale mail (worn)
 q - a +0 buckler (worn)
 t - a +0 helmet
Wands
 m - a wand of polymorph (3)
Scrolls
 e - a scroll of noise {unknown}
 f - a scroll of summoning {unknown}
 i - 2 scrolls of identify {unknown}
 l - a scroll of fear {unknown}
 n - 5 scrolls of teleportation {unknown}
 p - a scroll of fog {unknown}
 r - a scroll of blinking {unknown}
 s - a scroll of vulnerability {unknown}
Potions
 c - a potion of might
 d - a potion of attraction {unknown}
 g - 2 potions of curing {unknown}
 h - 3 potions of lignification {unknown}
 j - 2 potions of degeneration {unknown}
 k - a potion of magic {unknown}


   Skills:
 + Level 4.0 Fighting
 * Level 1.5 Slings
 + Level 3.3 Armour
 + Level 1.8 Dodging
 + Level 3.3 Shields
 - Level 3.1 Unarmed Combat
 + Level 2.3 Invocations


You had 5 spell levels left.
You didn't know any spells.
Your spell library contained the following spells:

 Spells                   Type           Power      Damage    Failure   Level
 Animate Skeleton         Necr           0%         N/A       92%         1
 Apportation              Tloc           0%         N/A       92%         1
 Summon Small Mammal      Summ           0%         N/A       92%         1
 Call Canine Familiar     Summ           0%         N/A       100%        3
 Portal Projectile        Hex/Tloc       0%         N/A       100%        3
 Leda's Liquefaction      Hex/Erth       0%         N/A       100%        4


Dungeon Overview and Level Annotations

Branches:
Dungeon (4/15)
 Temple: D:4-7

Altars:
Ignis


Innate Abilities, Weirdness & Mutations

You thrive by killing the living.
You are immune to poison.
You have sharp fingernails.
Your flesh is cold resistant. (rC+)
You are immune to negative energy. (rN+++)
You do not regenerate when monsters are visible.
You are immune to unholy pain and torment.


Message History

The hobgoblin is almost dead.
The hobgoblin hits you. The hobgoblin barely misses you.
You barely miss the hobgoblin.
The hobgoblin is almost dead.
The hobgoblin hits you.
You barely miss the hobgoblin.
The hobgoblin is almost dead.
The hobgoblin hits you but does no damage.
You closely miss the hobgoblin.
The hobgoblin is almost dead.
The hobgoblin barely misses you.
You barely miss the hobgoblin.
The hobgoblin is almost dead.
The hobgoblin hits you but does no damage.
An orc priest comes into view. It is wielding a +0 hand axe.
The hobgoblin closely misses you.
You closely miss the hobgoblin.
The hobgoblin is severely wounded.
The orc priest shouts!
You block the hobgoblin's attack.
You sock the hobgoblin!
You kill the hobgoblin!
You sock the orc!
You kill the orc!
The orc priest calls down the wrath of Beogh upon you.
Beogh smites you!
You barely miss the orc. The orc closely misses you.
The orc hits you with a +0 flail.
You closely miss the orc.
The orc priest begins to cast a cantrip, but forgets the words!
The orc priest mumbles some strange prayers to Beogh against you.
Beogh smites you! The orc misses you.
You are too injured to fight recklessly!
You are too injured to fight recklessly!
The orc priest mumbles some strange prayers to Beogh against you.
Beogh smites you!
* * * LOW HITPOINT WARNING * * *
The orc priest mumbles some strange prayers to Beogh against you.
Beogh smites you!
You die...

##.####.)#
### #..#
#..# #..#
#..# #..#
#..########
#..........
#@#########
#.# #o#
###.# ####
#.#.#######.
....
#.o........
#..#
##o########
.o# ##.#
#o###.##


You could see 2 orc priests and an orc.

Vanquished Creatures
  A hound (D:2)
  An orc priest (D:3)
  An orc wizard (D:3)
  Robin (D:4)
  3 adders (D:3)
  3 adder skeletons
  2 worms
  A dart slug (D:1)
  7 orcs
  4 ball pythons
  5 endoplasms
  2 giant cockroaches
  17 goblins
  15 hobgoblins
  4 jackals (D:2)
  3 quokkas
  8 bats
  3 frilled lizards
  9 kobolds
  9 rats
99 creatures vanquished.

Notes
Turn   | Place    | Note
-------+----------+-------------------------------------------
     0 | D:1      | HallandMoats the Ghoul Fighter began the quest for the Orb.
     0 | D:1      | Reached XP level 1. HP: 19/19 MP: 0/0
    93 | D:1      | Reached XP level 2. HP: 26/26 MP: 1/1
   401 | D:1      | Reached XP level 3. HP: 29/31 MP: 2/2
   494 | D:1      | Found a faded altar of an unknown god.
   503 | D:1      | Reached skill level 1 in Invocations
   508 | D:1      | Prayed at the altar of an unknown god.
   508 | D:1      | Became a worshipper of Ignis, the Dying Flame
   574 | D:1      | Reached skill level 1 in Dodging
   941 | D:2      | Reached XP level 4. HP: 26/39 MP: 2/4
  2153 | D:3      | Reached XP level 5. HP: 46/46 MP: 5/5
  2388 | D:3      | Reached skill level 1 in Slings
  3343 | D:4      | Reached skill level 4 in Fighting
  3371 | D:4      | Noticed Robin
  3389 | D:4      | Reached XP level 6. HP: 47/52 MP: 6/6
  3417 | D:4      | Killed Robin
  3659 | D:4      | Killed from afar by an orc priest

Illustrated notes

Levels and vault maps discovered:
D:1:      tarquinn_simple_flora_water_d, layout_loops_ring,
          hellmonk_ecumenical_altar_run_dry, minmay_pentomino_w4
D:2:      layout_loops_ring, minmay_goblin_kobold_house
D:3:      layout_basic, hex_intersection, chequers_garden
D:4:      layout_loops_ring, uniq_robin

Skill      XL: |  1  2  3  4  5 |
---------------+----------------+-----
Armour         | 3 |  3.3
Invocations    | 1 2 |  2.3
Dodging        | 1 |  1.8
Shields        | 3 |  3.3
Unarmed Combat | 3 |  3.1
Slings         | 1 |  1.5
Fighting       | 4 |  4.0

Action                   |  1- 3 |  4- 6 || total
-------------------------+-------+-------++-------
Melee: Unarmed           |   157 |   120 ||   277
       Club              |       |    12 ||    12
 Fire: Hunting sling     |       |    88 ||    88
Armor: Scale mail        |    66 |    57 ||   123
Dodge: Dodged            |    79 |    68 ||   147
Block: Buckler           |    26 |    33 ||    59

Table legend: (Time is in decaauts)
 A = Elapsed time spent in this place.
 B = Non-inter-level travel time spent in this place.
 C = Inter-level travel time spent in this place.
 D = Time resting spent in this place.
 E = Time spent auto-exploring this place.
 F = Levels seen in this place.
 G = Mean time per level.
                   A        B        C        D        E       F      G
               +--------+--------+--------+--------+--------+-----+--------+
         Total |   3675 |   3233 |    442 |    153 |   2428 |   4 |  918.8 |
       Dungeon |   3675 |   3233 |    442 |    153 |   2428 |   4 |  918.8 |
               +--------+--------+--------+--------+--------+-----+--------+

Top non-repeatable levels by time:
     D:3: 1256 daAuts
     D:2: 1225 daAuts
     D:1: 802 daAuts
     D:4: 390 daAuts
